 Dungeon Crawl Stone Soup version 0.20-a0-492-g6327889 (webtiles) character file.

707 Klosterheim the Grave Robber (level 7, 0/46 HPs)
             Began as a Demonspawn Necromancer on Jan 15, 2017.
             Slain by a centaur zombie (2 damage)
             ... on level 6 of the Dungeon.
             The game lasted 00:13:35 (6790 turns).

Klosterheim the Grave Robber (DsNe)                 Turns: 6790, Time: 00:13:36

Health: 0/46       AC:  3    Str:  8    XL:     7   Next: 39%
Magic:  13/15      EV: 12    Int: 19    God:
Gold:   291        SH:  0    Dex: 13    Spells: 9/17 levels left

rFire    . . .     SeeInvis .   B - +5 trident of Pino {pierce, +Rage MR++}
rCold    . . .     Gourm    .   a - +0 robe
rNeg     . . .     Faith    .   (no shield)
rPois    .         Spirit   .   i - +1 hat
rElec    .         Reflect  .   (no cloak)
rCorr    .         Harm     .   (no gloves)
MR       ++...                  (no boots)
Stlth    ++........             (no amulet)
Regen    0.1/turn               (no ring)
                                (no ring)

@: flying, very slightly contaminated
A: talons 2, powered by death 1, rot immunity
a: Evoke Berserk Rage


You were on level 6 of the Dungeon.
You were near starving.

You visited 1 branch of the dungeon, and saw 6 of its levels.

You collected 291 gold pieces.

Inventory:

Hand Weapons
 B - the +5 trident of Pino (weapon) {pierce, +Rage MR++}
   (You found it on level 5 of the Dungeon)

   It inflicts extra damage upon your enemies.
   It affects your resistance to hostile enchantments.
   It lets you go berserk.
Armour
 a - a +0 robe (worn)
 i - a +1 hat (worn)
Jewellery
 y - an uncursed ring of fire
Scrolls
 e - 5 scrolls of teleportation {unknown}
 g - 2 scrolls of recharging {unknown}
 h - 9 scrolls of identify {unknown}
 j - a scroll of fear {unknown}
 l - a scroll of enchant weapon {unknown}
 m - 3 scrolls of amnesia {unknown}
 n - a scroll of magic mapping {unknown}
 s - 2 scrolls of remove curse {unknown}
 u - a scroll of enchant armour {unknown}
 v - a scroll of blinking {unknown}
Potions
 f - 3 potions of curing
 o - 2 potions of ambrosia {unknown}
 p - a potion of lignification {unknown}
 q - 4 potions of flight
 t - a potion of beneficial mutation {unknown}
 w - a potion of haste {unknown}
 x - 2 potions of degeneration {unknown}
Books
 b - a book of Necromancy

   Spells                             Type                      Level
   a - Pain                           Necromancy                   1
   b - Animate Skeleton               Necromancy                   1
   c - Vampiric Draining              Necromancy                   3
   d - Regeneration                   Charms/Necromancy            3
   e - Animate Dead                   Necromancy                   4
   f - Control Undead                 Necromancy                   4
 A - a book of Battle

   Spells                             Type                      Level
   a - Infusion                       Charms                       1
   b - Shroud of Golubria             Charms/Translocation         2
   c - Song of Slaying                Charms                       2
   d - Spectral Weapon                Hexes/Charms                 3
   e - Regeneration                   Charms/Necromancy            3
Comestibles
 c - 4 bread rations
 d - 2 meat rations


   Skills:
 - Level 1.9 Dodging
 - Level 1.9 Stealth
 + Level 5.6 Spellcasting
 + Level 7.5 Necromancy


You had 9 spell levels left.
You knew the following spells:

 Your Spells              Type           Power        Failure   Level  Hunger
a - Pain                  Necr           ####         1%          1    None
b - Regeneration          Chrm/Necr      ###.......   10%         3    ##.....
c - Animate Dead          Necr           N/A          8%          4    ####...


Dungeon Overview and Level Annotations

Branches:
Dungeon (6/15)
 Temple: D:4-7

Altars:
Elyvilon
Fedhas
Trog

Shops:
D:5 [

Annotations:
D:3 Grinder
D:6 exclusion: oklob plant


Innate Abilities, Weirdness & Mutations

You have razor-sharp toenails.
You regenerate a little health from kills.
You are immune to rotting.


Message History

You hit the centaur zombie.
The centaur zombie is lightly damaged.
The centaur zombie hits you.
* * * LOW HITPOINT WARNING * * *
The centaur zombie barely misses you.
It was a potion of flight.
You feel very buoyant.
You fly up into the air.
The centaur zombie closely misses you.
It was a potion of curing.
You feel better. The centaur zombie closely misses you.
You puncture the centaur zombie!
The centaur zombie is heavily damaged.
The centaur zombie closely misses you. The centaur zombie hits you!
* * * LOW HITPOINT WARNING * * *
You hit the centaur zombie.
The centaur zombie is heavily damaged.
The centaur zombie hits you.
* * * LOW HITPOINT WARNING * * *
The centaur zombie hits you.
You die...

......# +....... ........
......# #......# .. .....
......# .....##.#......
.....## ...#..#...... ##...#
### #.#.##..... ###..#
#.####...#....o. #.####
###..........#
#....###.....##.....####.
##............@)#.#......#
##............Z...........
###.............[##.##.###.#
..............##....# .# #
..##..........##.........
####......#################
#....(.#P.PPPP


#PP .PPP # #......#P#P%P#PPPP# .PP## PP# #......#P.%. %PPP.PP PP#PPPP You could
see a centaur zombie.

Vanquished Creatures
  An orc warrior (D:6)
  A water moccasin skeleton (D:5)
  2 bullfrog zombies
  2 crimson imps (D:6)
  A hound (D:4)
  An orc priest (D:6)
  A jelly (D:5)
  An orc wizard (D:6)
  Ijyb (D:2)
  An iguana (D:6)
  2 worker ants (D:5)
  8 adders
  A shadow imp (D:5)
  3 oozes
  4 worms
  3 dart slugs
  7 leopard geckos
  27 orcs
  A giant cockroach (D:1)
  2 hobgoblins
  6 kobolds
  2 quokkas
  A ball python (D:3)
  6 bats
  3 frilled lizards
  4 goblins
  2 quokka skeletons
  11 rats
  3 bushes (D:6)
  2 plants (D:6)
110 creatures vanquished.

Notes
Turn   | Place    | Note
-------+----------+-------------------------------------------
     0 | D:1      | Klosterheim the Demonspawn Necromancer began the quest for the Orb.
     0 | D:1      | Reached XP level 1. HP: 13/13 MP: 3/3
   546 | D:1      | Gained mutation: You are immune to rotting. [demonic ancestry]
   546 | D:1      | Reached XP level 2. HP: 14/19 MP: 0/5
  1221 | D:2      | Reached skill level 5 in Necromancy
  1283 | D:2      | Noticed Ijyb
  1289 | D:2      | Killed Ijyb
  1289 | D:2      | Reached XP level 3. HP: 16/24 MP: 0/7
  1576 | D:2      | Gained mutation: You have sharp toenails. [demonic ancestry]
  1576 | D:2      | Reached XP level 4. HP: 26/30 MP: 2/8
  2828 | D:3      | Gained mutation: You regenerate a little health from kills. [demonic ancestry]
  2828 | D:3      | Reached XP level 5. HP: 32/35 MP: 5/10
  3161 | D:3      | Learned a level 3 spell: Regeneration
  3293 | D:3      | Noticed a moth of wrath
  3296 | D:3      | Found a bloodstained altar of Trog.
  3296 | D:3      | Noticed Grinder
  3315 | D:3      | Paralysed by Grinder for 4 turns
  3323 | D:3      | Paralysed by Grinder for 6 turns
  3371 | D:3      | Reached skill level 6 in Necromancy
  3457 | D:3      | Learned a level 4 spell: Animate Dead
  3853 | D:3      | Paralysed by Grinder for 7 turns
  4355 | D:4      | Noticed a phantom
  4355 | D:4      | Reached XP level 6. HP: 41/41 MP: 10/12
  4840 | D:5      | Entered Level 5 of the Dungeon
  5068 | D:5      | Got a pitted trident
  5069 | D:5      | Identified the +5 trident of Pino {pierce, +Rage MR++} (You found it on level 5 of the Dungeon)
  5095 | D:5      | Found a white marble altar of Elyvilon.
  5468 | D:5      | Found Peyjilaj's Armour Shop.
  5824 | D:6      | Reached skill level 5 in Spellcasting
  5824 | D:6      | Reached skill level 7 in Necromancy
  6024 | D:6      | Found a blossoming altar of Fedhas.
  6043 | D:6      | Noticed an oklob plant
  6568 | D:6      | Noticed an orc warrior
  6571 | D:6      | Noticed an orc warrior
  6572 | D:6      | Noticed a two-headed ogre
  6606 | D:6      | Killed an orc warrior
  6606 | D:6      | Gained mutation: You have razor-sharp toenails. [demonic ancestry]
  6606 | D:6      | Reached XP level 7. HP: 38/46 MP: 3/14
  6790 | D:6      | HP: 2/46 [centaur zombie (2)]
  6790 | D:6      | Slain by a centaur zombie

Vault maps used:
D:1:      lemuel_arrival_broad_hall, minmay_close_crescents
D:2:      minmay_pentomino_u2, uniq_iyjb
D:3:      tgw_trog, uniq_grinder
D:4:      first_bread
D:5:      serial_shops, kennysheep_mini, basic_altar, minivault_1
D:6:      old_standard_altar, amethyst_overflow_temple_binary, tgw_fedhas,
          uniq_pikel

Skill      XL: |  1  2  3  4  5  6 |
---------------+-------------------+-----
Necromancy     | 5 6 7 |  7.5
Spellcasting   | 3 4 5 |  5.6
Dodging        | |  1.9
Stealth        | |  1.9

Action                   |  1- 3 |  4- 6 |  7- 9 || total
-------------------------+-------+-------+-------++-------
Melee: Unarmed           |    14 |    54 |       ||    68
       Kick              |       |   127 |     4 ||   131
       Trident           |       |   244 |    22 ||   266
       Short sword       |       |    12 |       ||    12
 Cast: Pain              |    58 |   136 |     3 ||   197
       Regeneration      |       |     2 |       ||     2
 Abil: Evoke Berserk Rag |       |     4 |       ||     4
  Use: Potion            |       |       |     2 ||     2
  Eat: Chunk             |     3 |    16 |       ||    19
       Fruit             |       |     5 |       ||     5
       Beef jerky        |       |     2 |       ||     2
Armor: Robe              |     6 |    24 |     8 ||    38
Dodge: Dodged            |    19 |    75 |    18 ||   112
